 Dungeon Crawl Stone Soup version 0.31-a0-986-g5e6e4ef867 (webtiles) character file.

Game seed: 5777276116872077525

294 Tauromancer the Sneak (level 6, -3/36 HPs)
             Began as an Octopode Hedge Wizard on Nov 22, 2023.
             Succumbed to a scorpion's poison
             ... on level 3 of the Dungeon.
             The game lasted 00:29:01 (4291 turns).

Tauromancer the Sneak (Octopode Hedge Wizard)       Turns: 4291, Time: 00:29:02

Health: -3/36      AC:  2    Str:  8 (10) XL:     6   Next: 33%
Magic:  1/11       EV: 13    Int: 16 (18) God:
Gold:   198        SH:  0    Dex: 10 (11) Spells: 4/12 levels left

rFire   . . .        a - +0 dagger
rCold   . . .        (no shield)
rNeg    . . .        b - +1 hat
rPois   .            (no amulet)
rElec   .            (no ring)
rCorr   .            (no ring)
SInv    .            (no ring)
Will    .....        (no ring)
Stlth   +++          (no ring)
HPRegen 0.26/turn    (no ring)
MPRegen 0.12/turn    (no ring)
                     (no ring)

%: no passive effects
@: brilliant, lethally poisoned (-3 -> -19), on blink cooldown
A: almost no armour, amphibious, 8 rings, camouflage 1, gelatinous body 1,
(nimble swimmer 1), tentacles
a: no special abilities


You were on level 3 of the Dungeon.
You visited 1 branch of the dungeon, and saw 4 of its levels.

You collected 198 gold pieces.

Inventory:

Hand Weapons
 a - a +0 dagger (weapon)
Armour
 b - a +1 hat (worn)
Scrolls
 e - a scroll of identify
Potions
 g - a potion of mutation {unknown}
 i - a potion of haste {unknown}
 j - a potion of might {unknown}


   Skills:
 + Level 3.0 Dodging
 + Level 4.6 Stealth
 + Level 1.8 Unarmed Combat
 + Level 3.8 Spellcasting
 + Level 2.5 Conjurations
 - Level 1.4 Summonings
 + Level 2.4 Translocations


You had 4 spell levels left.
You knew the following spells:

 Your Spells              Type           Power      Damage    Failure   Level
a - Magic Dart            Conj           64%        1d6       6%          1
b - Blink                 Tloc           32%        N/A       10%         2
c - Call Imp              Summ           22%        N/A       14%         2
d - Gell's Gravitas       Tloc           16%        N/A       19%         3

Your spell library contained the following spells:

 Spells                   Type           Power      Damage    Failure   Level
 Lesser Beckoning         Tloc           32%        N/A       10%         2
 Slow                     Hex            16%        N/A       17%         1
 Teleport Other           Tloc           16%        N/A       19%         3
 Cigotuvi's Dreadful Rot  Necr/Pois/Air  8%         N/A       26%         2
 Scorch                   Fire           8%         2d5       26%         2
 Mephitic Cloud           Conj/Pois/Air  8%         N/A       36%         3
 Flame Wave               Conj/Fire      10%        2d6       71%         4
 Summon Cactus Giant      Summ           5%         N/A       100%        6


Dungeon Overview and Level Annotations

Branches:
Dungeon (4/15)
 Temple: D:4-7

Altars:

Shops:
D:2 (


Innate Abilities, Weirdness & Mutations

You cannot wear most types of armour.
You are amphibious.
You can wear up to eight rings at the same time.
Your skin changes colour to match your surroundings (Stealth+).
Your rubbery body absorbs attacks. (AC +1, EV +1)
((You are camouflaged when in or above water. (Stealth+)))
You have tentacles for arms and can constrict up to eight enemies at once.


Message History

* * * LOW HITPOINT WARNING * * *
You feel sick. The scorpion stings you.
* * * LOW HITPOINT WARNING * * *
You climb upwards.
* * * LOW HITPOINT WARNING * * *
You feel very sick.
There is a stone staircase leading down here.
You feel better. The scorpion misses you.
Casting: Gell's Gravitas (quite dangerous; 16% risk of failure)
Confirm with . or Enter, or press ? or * to list all spells.
You don't know that spell.
Casting: Gell's Gravitas (quite dangerous; 16% risk of failure)
Confirm with . or Enter, or press ? or * to list all spells.
You blink.
Okay, then.
You feel ready to blink again. The scorpion attacks as it pursues you!
The scorpion stings you.
You are lethally poisoned!
The scorpion poisons you! The scorpion barely misses you.
Casting: Blink (safe; 9% risk of failure)
Confirm with . or Enter, or press ? or * to list all spells.
You don't know that spell.
It was a potion of brilliance.
You feel clever all of a sudden.
* * * LOW HITPOINT WARNING * * *
You feel very sick. The scorpion completely misses you.
It was a potion of degeneration.
There was something very wrong with that liquid.
You feel weakened.
You feel dopey.
You feel clumsy.
* * * LOW HITPOINT WARNING * * *
You feel very sick. The scorpion stings you.
* * * LOW HITPOINT WARNING * * *
You are more poisoned.
The scorpion poisons you!
Casting: Blink (safe; 10% risk of failure)
Confirm with . or Enter, or press ? or * to list all spells.
You feel a surge of power!
You blink.
You die...

##.## #..#
##############..
######.# #..# #.#
.......####..# #..
#########.[..## ###
# #.#...# # #.....#
# ###....####
########.........##
...>............@.#
########...s§.....#
###....###.# #....#
#.# ##....# #.#
#########.#..##
#.###############
.........###.#
#.........^......
#########.#.##
#################
########.##


You could see a scorpion.

Vanquished Creatures
  Dowan (D:4)
  2 gnolls (D:4)
  4 adders
  4 worms
  2 dart slugs
  5 orcs
  7 ball pythons
  4 bats
  8 endoplasms
  2 giant cockroaches
  5 goblins
  4 hobgoblins
  4 quokkas
  2 frilled lizards (D:2)
  6 kobolds
  2 rats (D:2)
62 creatures vanquished.

Vanquished Creatures (collateral kills)
  Duvessa (D:4)
1 creature vanquished.

Grand Total: 63 creatures vanquished

Notes
Turn   | Place    | Note
-------+----------+-------------------------------------------
     0 | D:1      | Tauromancer the Octopode Hedge Wizard began the quest for
                  | the Orb.
     0 | D:1      | Reached XP level 1. HP: 11/11 MP: 4/4
   488 | D:1      | Reached XP level 2. HP: 17/17 MP: 3/6
   491 | D:1      | Learned a level 2 spell: Blink
   494 | D:1      | Learned a level 2 spell: Call Imp
   886 | D:2      | Reached skill level 3 in Stealth
   921 | D:2      | Found a faded altar of an unknown god.
   941 | D:2      | Found Sekh's Weapon Emporium.
  1266 | D:2      | Reached XP level 3. HP: 13/21 MP: 1/7
  1881 | D:2      | Learned a level 3 spell: Gell's Gravitas
  1887 | D:2      | Reached XP level 4. HP: 27/27 MP: 0/8
  3103 | D:3      | You fall into a shaft and drop 1 floor!
  3522 | D:4      | Noticed a scorpion
  3827 | D:4      | Noticed Dowan
  3829 | D:4      | Noticed Duvessa
  3831 | D:4      | Reached skill level 1 in Unarmed Combat
  3831 | D:4      | Reached XP level 5. HP: 31/31 MP: 6/10
  3832 | D:4      | Reached skill level 4 in Stealth
  4077 | D:4      | Killed Duvessa
  4078 | D:4      | Reached XP level 6. HP: 25/36 MP: 2/11
  4098 | D:4      | Killed Dowan
  4290 | D:3      | HP: 1/36 [scorpion (5)]
  4291 | D:3      | Succumbed to a scorpion's poison

Illustrated notes

Levels and vault maps discovered:
D:1:      wheals_arrival_shading, layout_loops_ring
D:2:      layout_loops_ring, basic_ecumenical_altar, serial_shops,
          nicolae_shop_tiny_waterfront, dreamdust_mushroom_princess,
          kennysheep_generic_room_13
D:3:      layout_loops_ring, st_stairs_11
D:4:      layout_rooms, uniq_duvessa

Skill      XL: |  1  2  3  4  5 |
---------------+----------------+-----
Stealth        | 3 4 |  4.6
Unarmed Combat | 1 |  1.8
Conjurations   | 2 |  2.5
Translocations | 2 |  2.4
Dodging        | 3 |  3.0
Spellcasting   | |  3.8
Summonings     | |  1.4

Action                     |  1- 3 |  4- 6 || total
---------------------------+-------+-------++-------
  Melee: Dagger            |    17 |    34 ||    51
         Constrict         |     4 |     8 ||    12
         Tentacles         |     3 |    11 ||    14
   Cast: Magic Dart        |    89 |    87 ||   176
         Gell's Gravitas   |       |     9 ||     9
         Call Imp          |       |     4 ||     4
         Blink             |       |     4 ||     4
    Use: Scroll            |     2 |     2 ||     4
         Potion            |       |     9 ||     9
 Armour: Skin              |    16 |    40 ||    56
  Dodge: Dodged            |    23 |    33 ||    56

Table legend: (Time is in decaauts)
 A = Elapsed time spent in this place.
 B = Non-inter-level travel time spent in this place.
 C = Inter-level travel time spent in this place.
 D = Time resting spent in this place.
 E = Time spent auto-exploring this place.
 F = Levels seen in this place.
 G = Mean time per level.
                   A        B        C        D        E       F      G
               +--------+--------+--------+--------+--------+-----+--------+
         Total |   4295 |   3923 |    372 |    889 |   2506 |   4 | 1073.8 |
       Dungeon |   4295 |   3923 |    372 |    889 |   2506 |   4 | 1073.8 |
               +--------+--------+--------+--------+--------+-----+--------+

Top non-repeatable levels by time:
     D:3: 1605 daAuts
     D:2: 1507 daAuts
     D:1: 797 daAuts
     D:4: 384 daAuts
